Cogmind - Beta 13 @@@ ROGUE MODE // 2024.05.04 @ 14:39:25 // Winter2019/RPGLIKE Player: abcdefg Result: Destroyed by G-47 Trooper with Particle Gun Performance ------------- Evolutions (1) 500 Regions Visited (6) 1200 Robots Destroyed (48) 240 Value Destroyed (1159) 1159 Prototype IDs (26) 520 Alien Tech Used (0) 0 Bonus (504) 504 TOTAL SCORE: 4123 Bonus ------- High Alert Combat Kills 38 Follower Combat Kills 166 Aligned with FarCom 300 Cogmind --------- Core Integrity 0/900 Matter 290/300 Energy 275/275 System Corruption 0% Temperature Cool (35) Movement Flying (50) Location -8/Mines Parts ------- > --- POWER (2) -------- Ion Engine Light Ion Engine > --- PROPULSION (4) --- Flying Fortress v7 > --- UTILITY (3) ------ Melee Analysis Suite Hacking Suite > --- WEAPON (2) ------- Katana > --- INVENTORY (4) ---- Experimental Sensor Array Peak State ------------ > --- POWER ------------ Ion Engine Light Ion Engine > --- PROPULSION ------- Flying Fortress v7 > --- UTILITY ---------- Melee Analysis Suite Hacking Suite > --- WEAPON ----------- Katana > --- INVENTORY -------- (None) [Rating: 43] Favorites ----------- Power Ion Engine Engine Ion Engine Propulsion Compact Wheel Wheel Compact Wheel Hover Unit Combat Airjet Flight Unit Flight Unit Utility Hacking Suite Device Shield Generator Processor Melee Analysis Suite Hackware Hacking Suite Weapon Assault Rifle Ballistic Gun Assault Rifle Slashing Weapon Katana Build | -11 -10 -10 -9 -9 -9 -8 ------- Run | Yrd Mat Min Mat Min Exi Min Slots Evolved 7 | 2 . . 1 4 . . Power 1 | . . . . 1 . . Propulsion 3 | 1 . . . 2 . . Utility 2 | . . . 1 1 . . Weapon 1 | 1 . . . . . . Parts Attached 18 | 5 1 . 2 9 1 . Power 2 | 1 . . . 1 . . Engine 2 | 1 . . . 1 . . Core . | . . . . . . . Reactor . | . . . . . . . Propulsion 9 | 2 . . . 6 1 . Treads . | . . . . . . . Leg . | . . . . . . . Wheel 2 | 2 . . . . . . Hover 2 | . . . . 2 . . Flight 5 | . . . . 4 1 . Utility 4 | . 1 . 2 1 . . Device 1 | . . . 1 . . . Storage . | . . . . . . . Processor 1 | . . . . 1 . . Hackware 2 | . 1 . 1 . . . Protection . | . . . . . . . Artifact . | . . . . . . . Weapon 3 | 2 . . . 1 . . Energy Gun . | . . . . . . . Energy Cannon . | . . . . . . . Ballistic Gun 2 | 2 . . . . . . Ballistic Cannon . | . . . . . . . Launcher . | . . . . . . . Special Weapon . | . . . . . . . Impact Weapon . | . . . . . . . Slashing Weapon 1 | . . . . 1 . . Piercing Weapon . | . . . . . . . Special Melee Weapon . | . . . . . . . Unidentified Prototypes . | . . . . . . . Parts Lost 2 | . . . 1 1 . . Power . | . . . . . . . Propulsion . | . . . . . . . Utility 2 | . . . 1 1 . . Weapon . | . . . . . . . Highest Loss Streak 1 | . . . 1 1 . . To Critical Strikes . | . . . . . . . Average Slot Usage (%) 92 | . 94 100 99 81 58 54 Engine 15 | . 16 16 14 12 18 18 Wheel 26 | . 33 33 29 7 . . Hover 1 | . . . . 5 10 . Flight 2 | . . . . 16 3 9 Device 4 | . . . 9 6 . . Processor 1 | . . . . 5 9 9 Hackware 12 | . 11 16 14 10 9 9 Ballistic Gun 26 | . 33 33 29 9 . . Slashing Weapon 1 | . . . . 5 9 9 Naked Turns . | . . . . . . . Heaviest Build 11 | 9 9 9 11 11 10 10 Greatest Support 50 | 26 26 26 26 26 50 50 Greatest Overweight (x) . | . . . . . . . Average Overweight (x) . | . . . . . . . Largest Inventory Capacity 4 | 1 1 1 1 2 4 4 Average Capacity 1 | 1 1 1 1 1 2 4 Most Carried 4 | 1 1 1 1 2 4 1 Average Carried . | . . . . 1 1 1 Final Capacity 4 | 1 1 1 1 2 4 4 Final Carried 1 | . . 1 1 1 1 1 Class Distribution -------------------- 46% | Mutant 39% | Hacker-Mutant 8% | Scavenger-Mutant 5% | Scavenger-Sprinter Dominant Class ---------------- Mutant | -10/Materials Mutant | -10/Mines Hacker-Mutant | -9/Materials Scavenger-Sprinter | -9/Mines Scavenger-Mutant | -9/Exiles Hacker-Mutant | -8/Mines Resources | -11 -10 -10 -9 -9 -9 -8 ----------- Run | Yrd Mat Min Mat Min Exi Min Matter Collected 1079 | 250 268 6 369 186 . . Remotely . | . . . . . . . Salvage Created 1637 | . 271 65 938 363 . . Parts 101 | . 27 2 51 21 . . Haulers Intercepted 1 | . 1 . . . . . Recyclers Shooed 1 | . . . . 1 . . Parts Field Recycled . | . . . . . . . Retrieved Matter . | . . . . . . . Parts Self-Destructed . | . . . . . . . Prevented . | . . . . . . . Kills | -11 -10 -10 -9 -9 -9 -8 ------- Run | Yrd Mat Min Mat Min Exi Min Combat Hostiles Destroyed 41 | . 8 1 18 14 . . Melee 8 | . . . . 8 . . Guns 33 | . 8 1 18 6 . . Classes Destroyed 12 | . 5 . 3 4 . . Worker 1 | . . . 1 . . . Hauler 1 | . 1 . . . . . Recycler 2 | . . . . 2 . . Operator 4 | . 2 . 2 . . . Watcher 6 | . 3 . 3 . . . Swarmer 12 | . 4 . 4 4 . . Grunt 14 | . 4 1 8 1 . . Brawler 2 | . . . 2 . . . Duelist 1 | . . . . 1 . . Sentry 4 | . . . 4 . . . Demolisher 1 | . . . . 1 . . Assembled 7 | . . . . 7 . . Best Kill Streak 6 | . 4 2 5 6 . . Combat Bots Only 6 | . 4 1 4 6 . . Max Kills in Single Turn 2 | . 2 1 2 1 . . Gunslinging 1 | . 1 . 1 . . . Exploded . | . . . . . . . Melee 1 | . . . . 1 . . Uniques/NPCs Destroyed . | . . . . . . . Combat | -11 -10 -10 -9 -9 -9 -8 -------- Run | Yrd Mat Min Mat Min Exi Min Hostile Shots Fired 276 | . 59 . 131 67 . 19 Missed 83 | . 14 . 42 22 . 5 Damage Taken 2078 | . 398 . 887 508 . 285 Core 1660 | . 311 . 701 420 . 228 Absorbed by Shields 358 | . . . 245 113 . . Redirected to Core 1333 | . 264 . 597 275 . 197 Core Remaining (%) 100 | 100 . 100 . . . . Volleys Fired 120 | . 44 1 59 16 . . Largest 2 | . 2 2 2 2 . . Hottest 40 | . 40 40 40 40 . . Shots Fired 240 | . 88 2 118 32 . . Gun 240 | . 88 2 118 32 . . Cannon . | . . . . . . . Launcher . | . . . . . . . Special . | . . . . . . . Kinetic 240 | . 88 2 118 32 . . Thermal . | . . . . . . . Explosive . | . . . . . . . Electromagnetic . | . . . . . . . Robot Hit Streak 13 | . 7 3 8 13 . . Robot Miss Streak 5 | . 5 . 4 3 . . Penetration Max . | . . . . . . . Secondary Targets 15 | . 2 1 10 2 . . Max Gunslinging Chain 1 | . 1 1 1 1 . . Shots Hit Robots 174 | . 48 2 84 35 . 5 Core Hits 81 | . 22 2 37 19 . 1 Critical Kills 2 | . 1 . 1 . . . Critical Parts Destroyed 1 | . . . . 1 . . Critical Strikes 5 | . 1 . 1 1 . 2 Destroy 3 | . 1 . 1 1 . . Sever 2 | . . . . . . 2 Melee Attacks 22 | . . . . 17 . 5 Impact . | . . . . . . . Slashing 22 | . . . . 17 . 5 Piercing . | . . . . . . . Sneak Attacks 2 | . . . . 2 . . Combat Hostiles . | . . . . . . . Follow-up Attacks . | . . . . . . . Damage Inflicted 2729 | . 629 26 1085 868 . 121 Guns 2026 | . 619 26 1085 296 . . Cannons . | . . . . . . . Explosions . | . . . . . . . Melee 693 | . . . . 572 . 121 Ramming 10 | . 10 . . . . . Kinetic 2026 | . 619 26 1085 296 . . Thermal . | . . . . . . . Explosive . | . . . . . . . Electromagnetic . | . . . . . . . Impact . | . . . . . . . Slashing 693 | . . . . 572 . 121 Piercing . | . . . . . . . Highest Corruption . | . . . . . . . Average Corruption . | . . . . . . . Corruption Purged . | . . . . . . . Corruption Blocked . | . . . . . . . Overload Shots . | . . . . . . . Overflow Damage 8 | . . . . 8 . . Projectiles . | . . . . . . . Explosions . | . . . . . . . Melee 8 | . . . . 8 . . Knockbacks . | . . . . . . . Impact . | . . . . . . . Kinetic . | . . . . . . . Secondary . | . . . . . . . Self-Inflicted Damage 4 | . 4 . . . . . Shots . | . . . . . . . Rammed 3 | . 2 . 1 . . . Targets Rammed 3 | . 2 . 1 . . . Kicked . | . . . . . . . Crushed . | . . . . . . . Highest Temperature 36 | . 2 . 29 5 . 36 Average Temperature 14 | . 2 . 11 5 . 21 Received Heat Transfer 564 | . 87 . 323 46 . 108 Siege Activations . | . . . . . . . Robots Corrupted . | . . . . . . . Combat Hostiles . | . . . . . . . Parts Fried . | . . . . . . . Impact Corruptions . | . . . . . . . Robots Melted . | . . . . . . . Combat Hostiles . | . . . . . . . Parts Melted 1 | . . . 1 . . . Heat Transferred . | . . . . . . . Parts Sabotaged . | . . . . . . . Parts Stolen . | . . . . . . . Parts Stripped . | . . . . . . . Power Chain Reactions . | . . . . . . . Alert | -11 -10 -10 -9 -9 -9 -8 ------- Run | Yrd Mat Min Mat Min Exi Min Peak Influence 515 | . 202 75 515 380 . 15 Initial 200 | . . 45 29 200 . . Average 182 | . 84 74 252 356 . 13 Maximum Alert Level 2 | . 1 . 2 1 . . Low Security (%) 59 | 100 97 100 33 . . 100 Level 1 35 | . 2 . 54 100 . . Level 2 4 | . . . 12 . . . Level 3 . | . . . . . . . Level 4 . | . . . . . . . Level 5 . | . . . . . . . High Security . | . . . . . . . Max Security . | . . . . . . . Squads Dispatched 5 | . 2 . 3 . . . Investigation 2 | . 1 . 1 . . . Extermination . | . . . . . . . Reinforcement 3 | . 1 . 2 . . . Assault . | . . . . . . . Garrison . | . . . . . . . Intercept . | . . . . . . . Searches Triggered . | . . . . . . . Construction Impeded . | . . . . . . . Haulers Reinforced . | . . . . . . . Active Scanning Responses . | . . . . . . . Cargo Convoy Interrupts . | . . . . . . . Stealth | -11 -10 -10 -9 -9 -9 -8 --------- Run | Yrd Mat Min Mat Min Exi Min Distress Signals 4 | . 1 . 3 . . . Communications Jammed . | . . . . . . . Distress Signals . | . . . . . . . Times Spotted 74 | . 21 2 31 17 . 3 Peak Tracking Total 6 | . 5 . 6 6 . 3 Tactical Retreats 1 | . . . . 1 . . Traps | -11 -10 -10 -9 -9 -9 -8 ------- Run | Yrd Mat Min Mat Min Exi Min Traps Triggered 1 | . 1 . . . . . Indirectly . | . . . . . . . Trap Hack Attempts . | . . . . . . . Triggered . | . . . . . . . Disarmed 1 | . . . 1 . . . Reprogrammed . | . . . . . . . Reused . | . . . . . . . Traps Extracted . | . . . . . . . Installed . | . . . . . . . Triggered . | . . . . . . . Machines | -11 -10 -10 -9 -9 -9 -8 ---------- Run | Yrd Mat Min Mat Min Exi Min Machines Disabled 2 | . . . 1 1 . . Max in Single Turn 1 | . . . . 1 . . Machines Repaired . | . . . . . . . Machines Dismantled . | . . . . . . . Machines Sabotaged . | . . . . . . . Overloaded Fab Kills . | . . . . . . . Hacking | -11 -10 -10 -9 -9 -9 -8 --------- Run | Yrd Mat Min Mat Min Exi Min Machines Accessed 13 | . 4 . 8 . 1 . Terminals 12 | . 4 . 8 . . . Fabricators . | . . . . . . . Repair Stations . | . . . . . . . Recycling Units . | . . . . . . . Scanalyzers . | . . . . . . . Garrison Access . | . . . . . . . Total Hacks 45 | . 10 . 34 . 1 . Successful 30 | . 4 . 25 . 1 . Failed 14 | . 6 . 8 . . . Catastrophic 1 | . 1 . . . . . Database Lockouts 1 | . . . 1 . . . Manual 32 | . 3 . 28 . 1 . Terminals 44 | . 10 . 34 . . . Fabricators . | . . . . . . . Repair Stations . | . . . . . . . Recycling Units . | . . . . . . . Scanalyzers . | . . . . . . . Garrison Access . | . . . . . . . Terminal Hacks 15 | . 4 . 10 . 1 . Record 1 | . . . 1 . . . Robot Analysis 3 | . . . 3 . . . Prototype ID Bank 2 | . 2 . . . . . Branch Access Points 1 | . . . 1 . . . Alert Level 1 | . 1 . . . . . Locate Traps 3 | . 1 . 2 . . . Disarm Traps 1 | . . . 1 . . . Dispatch Records 1 | . . . 1 . . . Zone Layout 1 | . . . 1 . . . Derelict Proto ID Bank 1 | . . . . . 1 . Fabricator Hacks . | . . . . . . . Repair Station Hacks . | . . . . . . . Recycling Unit Hacks . | . . . . . . . Scanalyzer . | . . . . . . . Garrison Access Hacks . | . . . . . . . Unauthorized Hacks 15 | . . . 15 . . . Terminals 15 | . . . 15 . . . Assimilate 8 | . . . 8 . . . Botnet 7 | . . . 7 . . . Fabricators . | . . . . . . . Repair Stations . | . . . . . . . Recycling Units . | . . . . . . . Scanalyzers . | . . . . . . . Garrison Access . | . . . . . . . Data Cores Recovered . | . . . . . . . Used . | . . . . . . . Hacking Detections 9 | . 2 . 7 . . . Full Trace Events 2 | . 1 . 1 . . . Feedback Events . | . . . . . . . Feedback Blocked . | . . . . . . . Robot Schematics Acquired . | . . . . . . . Robots Built . | . . . . . . . Authchips . | . . . . . . . Time . | . . . . . . . Total Robot Build Rating . | . . . . . . . Part Schematics Acquired . | . . . . . . . Parts Built . | . . . . . . . Authchips . | . . . . . . . Time . | . . . . . . . Total Part Build Rating . | . . . . . . . Parts Repaired . | . . . . . . . Time . | . . . . . . . Parts Recycled . | . . . . . . . Recycled Matter . | . . . . . . . Retrieved Matter . | . . . . . . . Retrieved Components . | . . . . . . . Parts Scanalyzed . | . . . . . . . Part Schematics Acquired . | . . . . . . . Parts Damaged . | . . . . . . . Bothacking | -11 -10 -10 -9 -9 -9 -8 ------------ Run | Yrd Mat Min Mat Min Exi Min Used RIF Installer . | . . . . . . . Robots Hacked . | . . . . . . . Non-combat . | . . . . . . . Combat . | . . . . . . . Robot Hacks Applied . | . . . . . . . Relay Couplers Released . | . . . . . . . Fabnet Peak Effective % . | . . . . . . . Robots Rewired . | . . . . . . . Allies Hacked . | . . . . . . . Hacks Repelled . | . . . . . . . Allies | -11 -10 -10 -9 -9 -9 -8 -------- Run | Yrd Mat Min Mat Min Exi Min Total Allies 5 | . . 3 . 2 . . Largest Group 3 | . . 3 3 2 . . Highest-Rated Group 43 | . . 40 40 43 . . Highest-Rated Ally 31 | . . 16 16 31 . . Total Orders . | . . . . . . . Ally Attacks 46 | . . . 38 8 . . Total Damage 544 | . . . 460 84 . . Kills 8 | . . . 7 1 . . Allies Corrupted . | . . . . . . . Allies Melted . | . . . . . . . Intel | -11 -10 -10 -9 -9 -9 -8 ------- Run | Yrd Mat Min Mat Min Exi Min Robot Analysis Total 3 | . . . 3 . . . Derelict Logs Recovered . | . . . . . . . Drone Launches . | . . . . . . . Drone Recoveries . | . . . . . . . Exploration | -11 -10 -10 -9 -9 -9 -8 ------------- Run | Yrd Mat Min Mat Min Exi Min Turns Passed 2127 | 46 597 276 797 252 145 14 Spaces Moved 1945 | 41 484 298 668 233 219 2 Core 1 | 1 . . . . . . Treads . | . . . . . . . Legs . | . . . . . . . Wheels 1502 | 40 484 298 668 12 . . Hover 165 | . . . . 49 116 . Flight 277 | . . . . 172 103 2 Fastest Speed 31 | 50 90 90 90 31 50 50 Average Speed 81 | 89 90 90 90 44 64 50 Slowest Speed 100 | 100 90 90 90 100 77 50 Overloaded Moves . | . . . . . . . Propulsion Burnouts . | . . . . . . . Robots Hopped 1 | . . . . 1 . . Cave-ins Triggered . | . . . . . . . Exploration Rate (%) 46 | 3 65 77 57 58 60 3 Regions Visited 6 Branch Regions 4 Pre-discovered Areas . | . . . . . . . Known Exits Taken 1 | . . . 1 . . . Unknown Exits Taken 5 | 1 1 1 . 1 1 . Scrap Searched 1 | . . 1 . . . . Spaces Dug . | . . . . . . . Terrain Destroyed . | . . . . . . . Melee . | . . . . . . . Projectile . | . . . . . . . AOE . | . . . . . . . Terrain Rammed . | . . . . . . . Walls Destroyed . | . . . . . . . Machines Disabled . | . . . . . . . Actions | -11 -10 -10 -9 -9 -9 -8 --------- Run | Yrd Mat Min Mat Min Exi Min Total 2212 | 50 557 303 745 326 224 7 Wait 28 | . 3 4 1 20 . . Move 1937 | 40 483 297 667 230 218 2 Hop 1 | . . . . 1 . . Pick Up 22 | 5 2 1 2 10 2 . Fast Attach 1 | . . . 1 . . . Attach 14 | 5 1 . 1 6 1 . Detach . | . . . . . . . Swap 3 | . . . . 3 . . Drop 14 | . 1 . 1 9 3 . Fire 120 | . 44 1 59 16 . . Melee 22 | . . . . 17 . 5 Ram 3 | . 2 . 1 . . . Kick . | . . . . . . . Crush . | . . . . . . . Escape Stasis . | . . . . . . . Rewire . | . . . . . . . Trap . | . . . . . . . Miscellaneous 47 | . 21 . 12 14 . . Route ------- -11/Scrapyard -10/Materials (discovered 4 exits: *Mat x3 / [*Min]) -10/Mines -9/Materials (discovered 4 exits: [*Mat x2] / *Min x2) -9/Mines (discovered 3 exits: [*Mat] / *Exi / [*Zio]) -9/Exiles -8/Mines History --------- Turn | Location | Event 1 | -11/Scrapyard | Upgraded with Propulsion slot (x1) 1 | -11/Scrapyard | Upgraded with Weapon slot (x1) 27 | -11/Scrapyard | Discovered new exit (range 14) 47 | -11/Scrapyard | Entered Materials 86 | -10/Materials | Discovered new exit (range 8) 144 | -10/Materials | Discovered new exit (range 13) 301 | -10/Materials | Build established: Mutant 379 | -10/Materials | Discovered new exit (range 5) 417 | -10/Materials | Discovered new exit (range 15) 644 | -10/Materials | Entered Mines 646 | -10/Mines | Reached level 2 657 | -10/Mines | Met a Derelict bent on vengeance 756 | -10/Mines | Found a damaged Exp. Sensor Array with a note attached 757 | -10/Mines | Found Prototype Device 897 | -10/Mines | Discovered new exit (range 12) 900 | -10/Mines | Assisted by bots powering up and referring to "LRC-V3" 920 | -10/Mines | Entered Materials 920 | -9/Materials | Accompanied by 3 allies 922 | -9/Materials | Reached level 3 1150 | -9/Materials | Upgraded with Utility slot (x1) 1194 | -9/Materials | Discovered new exit (range 6) 1213 | -9/Materials | Reached level 4 1218 | -9/Materials | Identified exit to Mines 1218 | -9/Materials | Central database locked down 1271 | -9/Materials | Build established: Hacker-Mutant 1310 | -9/Materials | Discovered new exit (range 11) 1410 | -9/Materials | Core integrity fell below 50% 1425 | -9/Materials | Discovered new exit (range 14) 1590 | -9/Materials | Reached level 5 1622 | -9/Materials | Core integrity fell below 20% 1717 | -9/Materials | Entered Mines 1741 | -9/Mines | Reached level 6 1771 | -9/Mines | Upgraded with Propulsion slot (x1) 1803 | -9/Mines | Upgraded with Utility slot (x1) 1807 | -9/Mines | Upgraded with Power slot (x1) 1807 | -9/Mines | Upgraded with Propulsion slot (x1) 1823 | -9/Mines | A Derelict revealed a hidden shortcut to a safe place 1825 | -9/Mines | Assembled infested the area 1840 | -9/Mines | Discovered new exit (range 15) 1966 | -9/Mines | Deemed a non-threat by the Exiles lab entrance 1966 | -9/Mines | Discovered new exit (range 5) 1969 | -9/Mines | Entered Exiles 1988 | -9/Exiles | Met 8R-AWN 2002 | -9/Exiles | Met EX-HEX 2023 | -9/Exiles | Met EX-BIN 2032 | -9/Exiles | Aligned with FarCom system 2033 | -9/Exiles | Given EX-Vault access code 2051 | -9/Exiles | Opened EX-Vault 2060 | -9/Exiles | Found Flying Fortress v7 2074 | -9/Exiles | Warned to stay clear of 0b10 Research branches 2089 | -9/Exiles | Met EX-DEC 2110 | -9/Exiles | Discovered new exit (range 10) 2114 | -9/Exiles | Left Exiles lab with Flying Fortress v7 2114 | -9/Exiles | Entered Mines 2128 | -8/Mines | Destroyed by G-47 Trooper with Particle Gun Last Messages --------------- the 0b10 Research branches, since the FarCom signals could be picked up there, but you're welcome to try if you really want to. And if we have to leave here due to unforeseen circumstances, don't worry the FarCom system will continue to maintain contact via our distributed network. EX-DEC: Ah I see we have a visitor. One wrong move in here and I'll invert your atomic chain! 02091_ EX-DEC: "Oops, I hope HEX didn't hear that..." 02110_ EXIT=FOUND LOCATION=UNKNOWN GOAL=ESCAPE 02114_ Receiving FarCom transmissions... 02118_ L-31 Rogue Imp. Aluminum Leg severed. 02120_ Critical hit (Burn: +37). 02123_ L-31 Rogue Imp. Aluminum Leg severed. [Achievement: This Is Interesting...] Map ----- +----------------------------------------------------+ | ?????????????????????????????????????????????? | | ?????????????????????????????????????????????? | | ?????????????????????????????????????????????? | | ?????????????????????????????????????????????? | | ?????????????????????????????????????????????? | | ?????????????????????????????????????????????? | | ?????????????????????????????????????????????? | | ?????????????????????????????????????????????? | | ?????????????????????????????????????????????? | | ?????????????????????????????????????????????? | | ?????????????????????????????????????????????? | | ???????????????????????????????s?????????????? | | ?????????????????????????????????????????????? | | ?????????????????????????????????????????????? | | ?????????????????????????????????????????????? | | ?????????????????????????????????????????????? | | ?????????????????????????????????????????????? | | ?????????????????????????????????????????????? | | ???????????????????????##????????????????????? | | ?????????????????######T#????????????????????? | | ?????????????????# #????????????????????? | | ???????????????### """ #????????????????????? | | ???????????????? """ #????????????????????? | | ?????????????????# """ g#????????????????????? | | ?????????????????# #### #???????????????? | | ?????????????????# @l #???????????????? | | ?????????????????# g ######???????????????? | | ???????gb????????########????????????????????? | | ??????g??????????????????????????????????????? | | ?????????????????????????????????????????????? | | ?????????????????????????????????????????????? | | ?????????????????????????????????????????????? | | ?????????????????????????????????????????????? | | ?????????????????????????????????????????????? | | ?????????????????????????????????????????????? | | ?????????????????????????????????????????????? | | ?????????????????????????????????????????????? | | ?????????????????????????????????????????????? | | ?????????????????????????????????????????????? | | ?????????????????????????????????????????????? | | | | | | | | | | | | | | | | | | | | | +----------------------------------------------------+ Best States ------------- Heat Dissipation 25 Energy Generation 15 Energy Capacity 275 Matter Stores 300 Matter Capacity 300 Sight Range 16 Terrain Scan Density 10 Evasion (%) 63 Melee Accuracy 5 Offensive Hacking 15 Defensive Hacking 5 Item Schematics ----------------- None Robot Schematics ------------------ None Fabricated ------------ Nothing Alien Tech Used ----------------- None Achievements -------------- Quantum Hacking This Is Interesting... True Hacker Challenges ------------ None RPGLIKE | -11 -10 -10 -9 -9 -9 -8 --------- Run | Yrd Mat Min Mat Min Exi Min Levels Raised 5 | . . 1 3 1 . . XP Earned 11968 | 3000 1190 650 4853 1425 350 500 XP Spent 9300 | 1250 900 . 900 4500 1750 . Upgrades 23 | 3 2 . 3 13 2 . Power Slot 1 | . . . . 1 . . Propulsion Slot 3 | 1 . . . 2 . . Utility Slot 2 | . . . 1 1 . . Weapon Slot 1 | 1 . . . . . . Core Integrity 6 | . . . . 6 . . Inventory Capacity 4 | 1 . . . 1 2 . Ranged Accuracy 2 | . 2 . . . . . Melee Accuracy 2 | . . . . 2 . . Hack Attack % 1 | . . . 1 . . . Hack Defense % 1 | . . . 1 . . . Protomatter Created 327 | . 135 . 99 93 . . Integrity Restored 890 | . 391 . 238 261 . . Core 755 | . 311 . 183 261 . . Parts 135 | . 80 . 55 . . . Protomatter Decayed 143 | . . . 137 6 . . Game ------ Seed DrainedPlatingPurifier Manual? 0 Play Time 00:28:06 Cumulative 18.4 hours Start 2024.05.04 @ 14:10:47 End 2024.05.04 @ 14:39:25 Sessions 1 Manual Loads 0 Difficulty Rogue Special Mode Winter2019/RPGLIKE Game No. 28 Rogue 28 Adventurer 0 Explorer 0 Win Type - Total 0 Types 0/0/0/0/0/0/0/0/0 Lore% 25 Gallery% 23 Achievement% 19 Wizard Run 0 Options --------- Layout 1 ASCII 0 Keyboard 0 Movement Mouse Keybinds 0 Fullscreen 1 Font 24/Smallcaps Map View 50x35 Zoom Use 0% Tactical HUD 1 Map Filters NONE Filters NONE Steam 1 RUN: 0c66bd97-db45-4025-81db-0e560bc3a7d0